AoeStats
← KEIYILOK

Arena

510138149Analyzed
3v3 RM · 4d ago on Sep 29, 2026· 61m 55s· 6 players
Game mode
Random Map
Map size
Normal (6 player)
Population
200
Speed
Normal
Resources
Standard
Victory
Conquest
Starting age
Dark Age
Ending age
Imperial Age
RankedLock teamsTeams togetherTeam positionsShared explorationLock speedFull tech treeHidden civsTurbo modeCheats
Victory
Defeat
🇨🇭 Georgians · Switzerland
1158
+17
🇭🇰 Varangians · Hong Kong SAR China
1127
+18
🇵🇱 Byzantines · Poland
1123
+17
🇧🇷 Spanish · Brazil
1379
-26
🇧🇷 Persians · Brazil
1133
-16
🇧🇷 Mongols · Brazil
989
-10
KEIYILOK
10:03 Feudal Age
11:19 Double-Bit Axe
14:15 Castle Age
13:46 Horse Collar
19:00 Loom
19:48 Scale Mail Armor
19:43 Loom
21:25 Forging
23:04 Squires
26:54 Bow Saw
30:09 Heavy Plow
30:32 Town Watch
31:24 Wheelbarrow
32:00 Gold Mining
32:02 Stone Mining
35:50 Chain Mail Armor
35:48 Forging
39:46 Imperial Age
37:50 Masonry
38:21 Iron Casting
38:43 Stone Shaft Mining
38:59 Fletching
39:57 Elite Varangian Guard
41:13 Plate Mail Armor
40:31 Gothikon
41:26 Gambesons
42:29 Conscription
43:19 Blast Furnace
43:48 Crop Rotation
44:49 Hand Cart
47:15 Two-Man Saw
46:13 Bodkin Arrow
48:18 Chemistry
48:22 Bracer
48:38 Scale Barding Armor
49:22 Siege Engineers
48:45 Elite Skirmisher
49:38 Bloodlines
50:12 Pikeman
50:39 Arson
52:20 Husbandry
52:23 Padded Archer Armor
52:43 Chain Barding Armor
53:06 Guilds
55:06 Architecture
54:17 Treadmill Crane
54:39 Capped Ram
55:39 Leather Archer Armor
55:05 Light Cavalry
55:24 Cavalier
57:24 Caravan
58:40 Plate Barding Armor
57:29 Vendel Legacy
tiwaz55
10:46 Feudal Age
11:59 Double-Bit Axe
13:37 Horse Collar
16:33 Castle Age
14:43 Stone Mining
15:18 Fletching
15:35 Loom
17:53 Wheelbarrow
18:15 Padded Archer Armor
18:45 Elite Skirmisher
23:23 Ballistics
28:40 Bow Saw
33:07 Imperial Age
32:16 Wheelbarrow
32:06 Fortified Wall
31:36 Treadmill Crane
32:40 Heavy Plow
33:09 Bodkin Arrow
35:30 Chemistry
37:32 Murder Holes
38:08 Scale Barding Armor
38:59 Hand Cart
41:22 Squires
41:24 Scale Mail Armor
41:46 Chain Barding Armor
41:38 Pikeman
42:40 Thumb Ring
42:40 Halberdier
44:40 Chain Mail Armor
45:17 Forging
45:25 Bracer
46:53 Leather Archer Armor
48:18 Conscription
49:58 Plate Mail Armor
50:04 Iron Casting
50:01 Ring Archer Armor
51:54 Guilds
51:46 Caravan
55:17 Elite Varangian Guard
59:14 Plate Barding Armor
58:57 Arson
60:57 Husbandry
60:19 Light Cavalry
Juerg Pinki
10:45 Feudal Age
14:38 Castle Age
12:38 Double-Bit Axe
13:19 Horse Collar
13:37 Gold Mining
13:42 Loom
19:08 Sanctity
27:42 Wheelbarrow
26:52 Town Watch
28:13 Bow Saw
33:27 Imperial Age
32:11 Hand Cart
31:42 Town Watch
32:12 Forging
32:07 Scale Barding Armor
33:54 Iron Casting
33:38 Masonry
33:52 Capped Ram
35:05 Bloodlines
34:15 Cavalier
34:56 Husbandry
35:24 Siege Engineers
35:55 Siege Ram
38:22 Architecture
38:03 Fortified Wall
38:14 Ballistics
38:54 Hoardings
38:39 Conscription
38:30 Aznauri Cavalry
39:42 Elite Monaspa
41:51 Heavy Plow
41:44 Stone Mining
43:06 Blast Furnace
41:57 Fletching
45:54 Chemistry
45:49 Fervor
46:55 Caravan
49:46 Bodkin Arrow
50:19 Chain Barding Armor
51:12 Bracer
51:19 Light Cavalry
53:04 Stone Shaft Mining
53:17 Pikeman
53:43 Arson
53:59 Squires
56:02 Scale Mail Armor
56:02 Padded Archer Armor
56:38 Plate Barding Armor
56:28 Elite Skirmisher
58:18 Padded Archer Armor
58:19 Scale Mail Armor
59:24 Block Printing
60:54 Leather Archer Armor
60:55 Chain Mail Armor
BRAZILBIKINI
9:56 Feudal Age
10:21 Loom
13:50 Castle Age
12:10 Double-Bit Axe
16:31 Horse Collar
18:14 Loom
19:22 Town Watch
22:31 Stone Mining
22:33 Gold Mining
27:15 Wheelbarrow
29:46 Imperial Age
28:41 Bloodlines
28:35 Husbandry
28:44 Scale Barding Armor
29:49 Forging
31:12 Chemistry
30:48 Conscription
30:36 Crossbowman
31:00 Cavalier
33:19 Bow Saw
34:29 Citadels
34:56 Fletching
36:17 Bodkin Arrow
37:34 Chain Barding Armor
38:09 Kamandaran
40:02 Heavy Plow
41:46 Plate Barding Armor
41:48 Iron Casting
42:37 Hoardings
42:16 Heavy Camel Rider
43:30 Savar
47:51 Two-Man Saw
47:09 Padded Archer Armor
47:47 Hand Cart
48:32 Thumb Ring
54:12 Light Cavalry
61:32 Leather Archer Armor
Neymar_Aoe2
8:46 Loom
11:50 Feudal Age
12:35 Double-Bit Axe
17:11 Castle Age
15:35 Gold Mining
16:18 Bloodlines
18:02 Fletching
18:13 Padded Archer Armor
20:17 Wheelbarrow
20:44 Bow Saw
44:18 Bodkin Arrow
46:11 Ballistics
48:10 Hand Cart
55:46 Crossbowman
[LCDR]Zuru
10:26 Feudal Age
9:02 Loom
14:02 Castle Age
12:26 Double-Bit Axe
21:44 Wheelbarrow
27:41 Double-Bit Axe
29:11 Hand Cart
29:07 Bow Saw
28:42 Horse Collar
34:00 Imperial Age
32:44 Herbal Medicine
32:43 Gold Mining
32:44 Stone Mining
32:56 Heavy Plow
33:00 Town Watch
34:08 Stone Shaft Mining
34:40 Padded Archer Armor
35:54 Chemistry
36:12 Scale Barding Armor
36:17 Forging
37:18 Husbandry
37:29 Bloodlines
36:39 Cavalier
36:52 Cavalier
37:43 Bloodlines
37:54 Chain Barding Armor
37:50 Leather Archer Armor
39:09 Two-Man Saw
39:54 Conscription
39:27 Paladin
41:08 Plate Barding Armor
41:09 Iron Casting
41:30 Elite Conquistador
44:43 Blast Furnace
44:06 Pikeman
44:47 Squires
46:29 Coinage
46:45 Caravan
47:05 Halberdier
48:27 Guilds
48:47 Banking
49:30 Scale Mail Armor
50:06 Bombard Tower
51:10 Chain Mail Armor
51:28 Ring Archer Armor
51:13 Inquisition
51:33 Supremacy
52:02 Redemption
52:13 Sanctity
53:18 Supremacy
53:33 Hoardings
52:33 Light Cavalry
53:46 Plate Mail Armor
57:14 Ballistics
56:46 Fletching
56:32 Hussar
59:05 Bodkin Arrow
59:35 Elite Skirmisher
60:20 Thumb Ring
Connection lost

Rejoining the realm…

Still unreachable

The connection could not be restored.

Session expired

The server has moved on; the page needs a fresh start.